[Event "POL-chT 2nd League Juniors 2020"]
[Site "Sypniewo"]
[Date "2020.10.30"]
[Round "9.8"]
[White "Wrona, Florian"]
[Black "Borkowski, Szymon"]
[Result "0-1"]
[ECO "B08"]
[WhiteElo "1463"]
[BlackElo "1338"]
[Annotator "NA RC"]
[PlyCount "118"]
[EventDate "2020.10.23"]
[EventType "team-tourn"]
[EventCountry "POL"]
[SourceTitle "playchess.com"]
[Source "ChessBase"]
[SourceQuality "1"]
[TimeControl "5400+30"]

1. e4 d6 2. d4 Nf6 3. Nc3 g6 4. Nf3 Bg7 5. Be2 O-O 6. O-O c6 7. Be3 b5 8. a3 Nbd7 9. h3 Qc7 10. Nh2 Re8 11. f4 e5 12. dxe5 dxe5 13. f5 Bb7 14. Bd3 a6 15. Ne2 c5 16. c3 c4 17. Bc2 Nc5 18. Ng3 Nfxe4 19. Nxe4 Nxe4 20. fxg6 hxg6 21. Qg4 Qc6 22. Rae1 f5 23. Bxe4 Qxe4 24. Qxg6 f4 25. Qxe4 Bxe4 26. Bc1 Bd3 27. Rf3 Rad8 28. Ng4 Bf5 29. Nf2 Bh6 30. Ne4 Kf7 31. Rff1 Bxe4 32. Rxe4 Kf6 33. Rfe1 Bg5 34. g3 fxg3 35. Bxg5+ Kxg5 36. Rg4+ Kf5 37. Rf1+ Ke6 38. Rxg3 Rg8 39. Rxg8 Rxg8+ 40. Kf2 Rd8 41. Ke2 Rd3 42. Rf3 e4 43. Re3 Kf5 44. h4 Kf4 45. Rxd3 exd3+ 46. Kf2 Kg4 47. h5 Kxh5 48. Kf3 Kh4 49. Kf2 Kg4 50. Ke3 Kg3 51. Kd2 Kf3 52. b4 Kf2 53. Kd1 Ke3 54. a4 bxa4 55. Kc1 Ke2 56. b5 d2+ 57. Kb2 d1=Q 58. b6 a3+ 59. Kxa3 Qb3# 0-1

[Event "POL-chT 2nd League Juniors 2020"]
[Site "Sypniewo"]
[Date "2020.10.30"]
[Round "9.9"]
[White "Skrzypinski, Jan"]
[Black "Cieply, Krzysztof"]
[Result "1-0"]
[ECO "B31"]
[WhiteElo "1418"]
[BlackElo "1573"]
[Annotator "NA RC"]
[PlyCount "99"]
[EventDate "2020.10.23"]
[EventType "team-tourn"]
[EventCountry "POL"]
[SourceTitle "playchess.com"]
[Source "ChessBase"]
[SourceQuality "1"]
[TimeControl "5400+30"]

1. e4 c5 2. Nf3 Nc6 3. Bb5 g6 4. O-O Bg7 5. c3 Nf6 6. e5 Nd5 7. d4 cxd4 8. cxd4 O-O 9. Nc3 Nc7 10. Ba4 d5 11. h3 Na5 12. Re1 a6 13. Bc2 Bf5 14. Bxf5 gxf5 15. Nh4 e6 16. Qh5 f6 17. Bh6 Rf7 18. f4 Nc6 19. Rad1 fxe5 20. fxe5 Bxh6 21. Qxh6 Qf8 22. Qh5 Rg7 23. Re3 Qb4 24. Rdd3 Rf8 25. Rg3 Rff7 26. Rxg7+ Rxg7 27. Nxf5 exf5 28. Qxf5 Qf8 29. Qxf8+ Kxf8 30. Ne2 Ne6 31. a3 Rf7 32. g3 Kg7 33. Kg2 Ncxd4 34. Nxd4 Nxd4 35. Rxd4 Re7 36. Rxd5 Kf7 37. Kf3 Rc7 38. Rd3 Ke6 39. Ke4 Rc2 40. Rd6+ Kf7 41. Rb6 Rc7 42. Kf5 Re7 43. h4 Rc7 44. g4 Re7 45. g5 Rc7 46. h5 Re7 47. Rf6+ Kg7 48. Rd6 Rf7+ 49. Ke6 Rc7 50. Rd7+ 1-0

[Event "POL-chT 2nd League Juniors 2020"]
[Site "Sypniewo"]
[Date "2020.10.30"]
[Round "9.9"]
[White "Mossakowski, Jakub"]
[Black "Duda, Szymon"]
[Result "1/2-1/2"]
[ECO "D46"]
[WhiteElo "1302"]
[BlackElo "1529"]
[Annotator "NA RC"]
[PlyCount "102"]
[EventDate "2020.10.23"]
[EventType "team-tourn"]
[EventCountry "POL"]
[SourceTitle "playchess.com"]
[Source "ChessBase"]
[SourceQuality "1"]
[TimeControl "5400+30"]

1. Nf3 Nf6 2. d4 d5 3. c4 c6 4. e3 e6 5. Nc3 Bd6 6. Bd3 Nbd7 7. O-O O-O 8. e4 dxe4 9. Nxe4 Nxe4 10. Bxe4 h6 11. h3 Nf6 12. Bd3 c5 13. dxc5 Bxc5 14. Bf4 b6 15. a3 Bb7 16. b4 Be7 17. Qe2 Bd6 18. Be3 Qe7 19. Rac1 Rac8 20. Rfd1 Nh5 21. Nd2 Qh4 22. Nf3 Qe7 23. Nd2 Qh4 24. Qg4 Qxg4 25. hxg4 Nf4 26. Bxf4 Bxf4 27. Rc3 Rfd8 28. Nf3 Ba6 29. g3 Bg5 30. Nxg5 hxg5 31. c5 Rxd3 32. Rdxd3 Bxd3 33. Rxd3 bxc5 34. bxc5 Rxc5 35. Rd8+ Kh7 36. Rd7 Ra5 37. Rxf7 Rxa3 38. Re7 Ra6 39. Kg2 Kg6 40. Rb7 Kf6 41. Rc7 Ra2 42. Rb7 a5 43. Ra7 a4 44. Ra6 a3 45. Ra5 Ra1 46. Ra8 a2 47. Ra6 Ke5 48. Ra5+ Kd4 49. Ra4+ Kc3 50. Ra8 Kb2 51. Rb8+ Kc1 1/2-1/2

[Event "POL-chT 2nd League Juniors 2020"]
[Site "Sypniewo"]
[Date "2020.10.30"]
[Round "9.10"]
[White "Wojs, Alicja"]
[Black "Kaczmarek, Jan"]
[Result "1-0"]
[ECO "C02"]
[WhiteElo "1392"]
[BlackElo "1229"]
[Annotator "NA RC"]
[PlyCount "43"]
[EventDate "2020.10.23"]
[EventType "team-tourn"]
[EventCountry "POL"]
[SourceTitle "playchess.com"]
[Source "ChessBase"]
[SourceQuality "1"]
[TimeControl "5400+30"]

1. e4 e6 2. d4 d5 3. e5 c5 4. c3 Nc6 5. Nf3 Bd7 6. a3 f6 7. exf6 Nxf6 8. Be3 c4 9. g3 Bd6 10. Bg2 Qc7 11. O-O O-O-O 12. Nbd2 h6 13. b3 cxb3 14. Qxb3 Kb8 15. Rab1 Bc8 16. Rfc1 Qa5 17. a4 Rd7 18. c4 Qa6 19. c5 Bc7 20. Bf1 Qa5 21. Bb5 Ne7 22. Nf1 1-0

[Event "POL-chT 2nd League Juniors 2020"]
[Site "Sypniewo"]
[Date "2020.10.30"]
[Round "9.10"]
[White "Lapczynski, Jacek"]
[Black "Kacki, Stanislaw"]
[Result "0-1"]
[ECO "D70"]
[WhiteElo "1212"]
[BlackElo "1080"]
[Annotator "NA RC"]
[PlyCount "112"]
[EventDate "2020.10.23"]
[EventType "team-tourn"]
[EventCountry "POL"]
[SourceTitle "playchess.com"]
[Source "ChessBase"]
[SourceQuality "1"]
[TimeControl "5400+30"]

1. d4 d5 2. c4 c6 3. Nf3 Nf6 4. Nbd2 Bf5 5. e3 e6 6. Nh4 Bg4 7. f3 Bh5 8. g3 Nbd7 9. Qb3 b6 10. Ng2 Bg6 11. Nf4 Bd6 12. Nxg6 hxg6 13. Kf2 Qc7 14. f4 Ng4+ 15. Kg2 g5 16. Be2 f5 17. Nf3 gxf4 18. exf4 Ndf6 19. Ne5 O-O-O 20. Qa4 Bxe5 21. dxe5 Ne4 22. h3 Nh6 23. cxd5 exd5 24. Be3 c5 25. Rac1 Nf7 26. b4 c4 27. Qb5 Kb7 28. Qa4 Rc8 29. b5 Rhd8 30. Bd4 Nh8 31. Qb4 Ng6 32. a4 Nf8 33. Qb2 Ne6 34. Bf3 N6c5 35. Bxe4 fxe4 36. Bxc5 Qxc5 37. e6 c3 38. Qe2 Qc4 39. Qxc4 Rxc4 40. f5 d4 41. h4 d3 42. Rhd1 Kc7 43. e7 Re8 44. Kf2 Rxe7 45. Ke3 Rd7 46. g4 c2 47. Rd2 Kd6 48. Rh2 Ke5 49. Kd2 Kd4 50. Rh3 Re7 51. Re3 Rb4 52. g5 Rb1 53. Rh3 e3+ 54. Rxe3 Rxe3 55. Rxb1 cxb1=Q 56. f6 Re2# 0-1

[Event "POL-chT 2nd League Juniors 2020"]
[Site "Sypniewo"]
[Date "2020.10.30"]
[Round "9.11"]
[White "Niemier, Martyna"]
[Black "Lach, Alicja"]
[Result "1/2-1/2"]
[ECO "A13"]
[WhiteElo "1235"]
[BlackElo "1161"]
[Annotator "NA RC"]
[PlyCount "80"]
[EventDate "2020.10.23"]
[EventType "team-tourn"]
[EventCountry "POL"]
[SourceTitle "playchess.com"]
[Source "ChessBase"]
[SourceQuality "1"]
[TimeControl "5400+30"]

1. c4 e6 2. e3 d5 3. d4 c5 4. Nf3 Nc6 5. cxd5 exd5 6. dxc5 Bxc5 7. Bb5 a6 8. Be2 Nf6 9. O-O O-O 10. Nbd2 Bf5 11. Nb3 Bb6 12. Nfd4 Bg6 13. Bf3 Ne5 14. Bd2 Bc7 15. Bc3 Qd6 16. g3 Nxf3+ 17. Qxf3 Bd3 18. Rfd1 Be4 19. Qe2 h5 20. Nf3 Ng4 21. Nfd2 Bf5 22. Qf3 Be6 23. Qf4 Qe7 24. Qd4 Be5 25. Qd3 Bd6 26. Nf3 Rad8 27. Nfd4 h4 28. Nf5 Bxf5 29. Qxf5 Qe4 30. Qxe4 dxe4 31. Nd4 hxg3 32. hxg3 g6 33. Nb3 Nh6 34. Bd4 Nf5 35. Bc5 Bxc5 36. Nxc5 Nd6 37. Rd4 f5 38. Rad1 Nf7 39. Rd7 Rb8 40. Nxb7 Ne5 1/2-1/2

[Event "POL-chT 2nd League Juniors 2020"]
[Site "Sypniewo"]
[Date "2020.10.30"]
[Round "9.11"]
[White "Zybrant, Sandra"]
[Black "Czarnecka, Lidia"]
[Result "0-1"]
[ECO "A03"]
[WhiteElo "1084"]
[BlackElo "1861"]
[Annotator "NA RC"]
[PlyCount "96"]
[EventDate "2020.10.23"]
[EventType "team-tourn"]
[EventCountry "POL"]
[SourceTitle "playchess.com"]
[Source "ChessBase"]
[SourceQuality "1"]
[TimeControl "5400+30"]

1. f4 d5 2. e3 g6 3. d4 Bg7 4. Nf3 c5 5. Bb5+ Bd7 6. Bxd7+ Nxd7 7. O-O Ngf6 8. c4 dxc4 9. Qa4 O-O 10. Qxc4 Rc8 11. Qe2 Qb6 12. Nc3 Rfd8 13. Rd1 cxd4 14. exd4 e6 15. h3 Nb8 16. Be3 Nd5 17. Nxd5 Rxd5 18. Rd2 Rcd8 19. Rad1 Nc6 20. Qf2 Qa6 21. a3 Na5 22. Rd3 Nc4 23. Bc1 Nd6 24. Qe2 Nf5 25. Qf2 Qc4 26. Be3 Nd6 27. Kh2 a5 28. g4 Qa6 29. Ne5 Ne8 30. R3d2 Nf6 31. Qf3 Qd6 32. Nc4 Qe7 33. Nb6 Rb5 34. Nc4 Nd5 35. g5 Rc8 36. Ne5 Rb3 37. Re1 Qd6 38. Qf2 Qa6 39. Rde2 Qb5 40. Bc1 Qa4 41. Rd2 Bf8 42. Nd3 Bd6 43. Rdd1 Rxd3 44. Rxd3 Rxc1 45. Rxc1 Bxf4+ 46. Kg1 Bxc1 47. Rf3 Qd7 48. Qe1 Bxg5 0-1

[Event "POL-chT 2nd League Juniors 2020"]
[Site "Sypniewo"]
[Date "2020.10.30"]
[Round "9.15"]
[White "Jendrowiak, Maciej"]
[Black "Karut, Kacper"]
[Result "1/2-1/2"]
[ECO "E06"]
[WhiteElo "1382"]
[BlackElo "1657"]
[Annotator "NA RC"]
[PlyCount "69"]
[EventDate "2020.10.23"]
[EventType "team-tourn"]
[EventCountry "POL"]
[SourceTitle "playchess.com"]
[Source "ChessBase"]
[SourceQuality "1"]
[TimeControl "5400+30"]

1. d4 d5 2. Nf3 e6 3. c4 Nf6 4. g3 Be7 5. Bg2 O-O 6. b3 c5 7. cxd5 Nxd5 8. O-O Nc6 9. Bb2 Qc7 10. Na3 cxd4 11. Nxd4 Rd8 12. Nxc6 bxc6 13. Qc2 Ba6 14. Nc4 Rac8 15. a3 Bxc4 16. Qxc4 Qb6 17. Rac1 Qb5 18. Rfd1 Qxc4 19. Rxc4 c5 20. Ra4 Rc7 21. Ra5 f6 22. Ra4 Kf7 23. Ra6 Rb8 24. b4 cxb4 25. Bxd5 exd5 26. axb4 Rxb4 27. Bd4 Bc5 28. Bxc5 Rxc5 29. Rxa7+ Kg6 30. Rd7 Rb2 31. R7xd5 Rxd5 32. Rxd5 Rxe2 33. Kg2 Ra2 34. h4 f5 35. Rd6+ 1/2-1/2

[Event "POL-chT 2nd League Juniors 2020"]
[Site "Sypniewo"]
[Date "2020.10.30"]
[Round "9.16"]
[White "Pycinski, Wladyslaw"]
[Black "Rzepka, Marcin"]
[Result "1-0"]
[ECO "A80"]
[WhiteElo "1149"]
[BlackElo "1294"]
[Annotator "NA RC"]
[PlyCount "75"]
[EventDate "2020.10.23"]
[EventType "team-tourn"]
[EventCountry "POL"]
[SourceTitle "playchess.com"]
[Source "ChessBase"]
[SourceQuality "1"]
[TimeControl "5400+30"]

1. d4 f5 2. Nf3 d6 3. g3 Nf6 4. Bg2 g6 5. b3 Bg7 6. Bb2 O-O 7. O-O e6 8. c4 h6 9. Qc2 Re8 10. Nbd2 Nbd7 11. e4 Nf8 12. e5 N6d7 13. Rad1 g5 14. exd6 cxd6 15. d5 Bxb2 16. dxe6 Nxe6 17. Qxb2 Qf6 18. Qxf6 Nxf6 19. Nb1 Rd8 20. Nc3 Nc7 21. Nd4 a6 22. Nc2 Rb8 23. Nb4 Be6 24. Rd2 a5 25. Nbd5 Ncxd5 26. Nxd5 Nxd5 27. Bxd5 Kf7 28. Rfd1 b6 29. Bc6 Ke7 30. Re2 Kf6 31. a3 Rbc8 32. Bb5 Rc5 33. f4 Rg8 34. Rxd6 Kf7 35. Rexe6 gxf4 36. Rxh6 Ke7 37. Rd7+ Kf8 38. Rf6+ 1-0

[Event "POL-chT 2nd League Juniors 2020"]
[Site "Sypniewo"]
[Date "2020.10.30"]
[Round "9.17"]
[White "Seemann, Pola"]
[Black "Kudlak, Julia"]
[Result "0-1"]
[ECO "B93"]
[WhiteElo "1566"]
[BlackElo "1574"]
[Annotator "NA RC"]
[PlyCount "106"]
[EventDate "2020.10.23"]
[EventType "team-tourn"]
[EventCountry "POL"]
[SourceTitle "playchess.com"]
[Source "ChessBase"]
[SourceQuality "1"]
[TimeControl "5400+30"]

1. e4 c5 2. Nf3 d6 3. d4 cxd4 4. Nxd4 Nf6 5. Nc3 a6 6. f4 e5 7. Nf3 Nbd7 8. Bd3 Be7 9. O-O b5 10. a3 O-O 11. Qe1 Bb7 12. Qg3 exf4 13. Qxf4 Ne5 14. Nxe5 dxe5 15. Qxe5 Ng4 16. Qg3 Qb6+ 17. Kh1 h5 18. Bf4 g5 19. Bc7 Qc5 20. Rf5 Qe3 21. Rf3 Qd4 22. h3 Qh8 23. Bb6 Bf6 24. Rf5 Bc8 25. hxg4 hxg4+ 26. Kg1 Bxf5 27. exf5 Bd4+ 28. Bxd4 Qxd4+ 29. Qf2 Qxf2+ 30. Kxf2 f6 31. Kg3 Rae8 32. Ne4 Kg7 33. Rh1 Re5 34. Kxg4 Rfe8 35. Re1 Rh8 36. Re2 Rh4+ 37. Kg3 Rf4 38. Nd6 Rd4 39. Ne8+ Kf7 40. Nc7 Rxd3+ 41. cxd3 Rxe2 42. Nxa6 Rxb2 43. Nc7 Rb3 44. Kg4 Rxa3 45. Nxb5 Rxd3 46. Nc7 Rd4+ 47. Kf3 Rf4+ 48. Kg3 Rxf5 49. Na6 Rb5 50. Kf3 Ke7 51. Ke4 Kd6 52. Kd4 Rb6 53. Nc5 Rb4+ 0-1

[Event "POL-chT 2nd League Juniors 2020"]
[Site "Sypniewo"]
[Date "2020.10.30"]
[Round "9.18"]
[White "Tim, Anna"]
[Black "Gaszka, Zuzanna"]
[Result "0-1"]
[ECO "E90"]
[WhiteElo "1237"]
[BlackElo "1417"]
[Annotator "NA RC"]
[PlyCount "80"]
[EventDate "2020.10.23"]
[EventType "team-tourn"]
[EventCountry "POL"]
[SourceTitle "playchess.com"]
[Source "ChessBase"]
[SourceQuality "1"]
[TimeControl "5400+30"]

1. d4 Nf6 2. c4 g6 3. Nc3 Bg7 4. e4 d6 5. Nf3 O-O 6. Bd3 Nbd7 7. O-O e5 8. d5 h6 9. h3 Ne8 10. Qc2 a5 11. b3 Nc5 12. Ba3 f5 13. Bxc5 dxc5 14. Rfe1 f4 15. Rad1 g5 16. Be2 h5 17. Nh2 Nf6 18. f3 Rf7 19. Qb2 Ra6 20. Nb5 Qe7 21. Rb1 Bf8 22. Red1 Rg7 23. Kf1 g4 24. hxg4 hxg4 25. fxg4 Nxe4 26. Nf3 Ng3+ 27. Ke1 Bxg4 28. Ng1 Rh6 29. Bxg4 Rxg4 30. Kd2 Ne4+ 31. Kd3 Qh7 32. Re1 Rg3+ 33. Nf3 Ng5+ 34. Kd2 Rxg2+ 35. Re2 Nxf3+ 36. Kc3 Rxe2 37. Qxe2 Qxb1 38. Qxf3 Qc1+ 39. Kd3 Rg6 40. Qf2 Qb1+ 0-1

[Event "POL-chT 2nd League Juniors 2020"]
[Site "Sypniewo"]
[Date "2020.10.30"]
[Round "9.20"]
[White "Dalkowski, Rafal"]
[Black "Kukula, Karol"]
[Result "0-1"]
[ECO "E16"]
[WhiteElo "1871"]
[BlackElo "1739"]
[Annotator "NA RC"]
[PlyCount "58"]
[EventDate "2020.10.23"]
[EventType "team-tourn"]
[EventCountry "POL"]
[SourceTitle "playchess.com"]
[Source "ChessBase"]
[SourceQuality "1"]
[TimeControl "5400+30"]

1. d4 Nf6 2. c4 e6 3. Nf3 Bb4+ 4. Bd2 Qe7 5. Qc2 Bxd2+ 6. Nbxd2 d6 7. e4 e5 8. d5 O-O {[%emt 0:01:49] E11: Bogo-Indian.} 9. Bd3 Nbd7 {[%emt 0:08:34] [#]} 10. h3 $146 ({Predecessor:} 10. O-O Nc5 11. Ne1 Nxd3 12. Nxd3 Nh5 13. f4 Nxf4 14. Nxf4 exf4 15. Rxf4 Qe5 16. Rf2 f5 17. Raf1 g6 18. c5 Bd7 19. cxd6 cxd6 20. Qb3 fxe4 21. Qxb7 {½-½ (21) Ivanenko,O-Kovaliova,V Kiev 2004}) 10... Nh5 11. g3 Nc5 12. Nh4 {[%emt 0:06:45] [#]} (12. b4 $15 Nxd3+ 13. Qxd3) 12... f5 $1 13. O-O-O f4 14. Rdg1 fxg3 15. fxg3 {[%emt 0:00:25] [#]} Nxg3 $1 16. Ng6 {[%emt 0:01:33] [#]} hxg6 ({Black should try} 16... Qg5 $1 $17 17. Nxf8 Qe3 18. Rxg3 Qxg3) 17. Rxg3 Rf6 18. Nf3 (18. Be2 $11) 18... Nxd3+ 19. Qxd3 Bd7 20. Ng5 Raf8 21. Rg2 Rf2 22. Qg3 Rxg2 23. Qxg2 Qf6 24. Rg1 ({White should play} 24. Qg3) 24... Qf4+ 25. Kc2 $2 (25. Qd2) 25... Qe3 26. Qg3 Rf2+ 27. Kb1 {[%emt 0:00:11] [#]} Rf1+ $1 28. Kc2 Qxg1 29. Qh4 Qf2+ 0-1

[Event "POL-chT 2nd League Juniors 2020"]
[Site "Sypniewo"]
[Date "2020.10.30"]
[Round "9.21"]
[White "Duda, Leon"]
[Black "Wieckowski, Michal"]
[Result "1-0"]
[ECO "B76"]
[WhiteElo "1388"]
[BlackElo "1494"]
[Annotator "NA RC"]
[PlyCount "75"]
[EventDate "2020.10.23"]
[EventType "team-tourn"]
[EventCountry "POL"]
[SourceTitle "playchess.com"]
[Source "ChessBase"]
[SourceQuality "1"]
[TimeControl "5400+30"]

1. e4 c5 2. Nf3 d6 3. d4 cxd4 4. Nxd4 Nf6 5. Nc3 g6 6. Be3 Bg7 7. f3 O-O 8. Qd2 Nc6 9. O-O-O Nxd4 10. Bxd4 Be6 11. g4 Qa5 12. a3 Rfc8 13. h4 h5 14. gxh5 Nxh5 15. Bxg7 Kxg7 16. Be2 Qe5 17. Kb1 Rc5 18. Bd3 Nf4 19. Rdg1 f6 20. Ne2 Nxe2 21. Qxe2 b5 22. Qe3 Qh5 23. Rh2 Bf7 24. f4 e5 25. f5 Rg8 26. Be2 Qh6 27. Qd3 d5 28. fxg6 Be6 29. h5 Rgc8 30. Bg4 dxe4 31. Qxe4 Rc4 32. Qf3 Bxg4 33. Rxg4 Rxg4 34. Qxg4 Qf4 35. Qe6 Rc7 36. h6+ Kxg6 37. Rg2+ Kxh6 38. Qh3+ 1-0

[Event "POL-chT 2nd League Juniors 2020"]
[Site "Sypniewo"]
[Date "2020.10.30"]
[Round "9.23"]
[White "Kukula, Klara"]
[Black "Tarka, Aleksandra"]
[Result "1/2-1/2"]
[ECO "B40"]
[WhiteElo "1232"]
[BlackElo "1676"]
[Annotator "NA RC"]
[PlyCount "69"]
[EventDate "2020.10.23"]
[EventType "team-tourn"]
[EventCountry "POL"]
[SourceTitle "playchess.com"]
[Source "ChessBase"]
[SourceQuality "1"]
[TimeControl "5400+30"]

1. e4 c5 2. Nf3 e6 3. d4 cxd4 4. Nxd4 Nf6 5. Nc3 Nc6 6. a3 Be7 7. Be2 O-O 8. O-O a6 9. Be3 Qc7 10. h3 d6 11. Bf3 Ne5 12. Be2 Bd7 13. Nf3 Rfd8 14. Nxe5 dxe5 15. Bd3 Bc6 16. Qe2 b5 17. f3 Nd7 18. Rfd1 Nc5 19. Rab1 Bb7 20. Rbc1 Rac8 21. Na2 Nxd3 22. Rxd3 Rxd3 23. Qxd3 Rd8 24. Qe2 Bc5 25. Bxc5 Qxc5+ 26. Qf2 Qc4 27. b3 Qd4 28. Kf1 Kf8 29. Nb4 Qxf2+ 30. Kxf2 f6 31. Ke2 Ke7 32. Nd3 Rc8 33. Nb2 Kd6 34. c4 f5 35. Rd1+ 1/2-1/2

[Event "POL-chT 2nd League Juniors 2020"]
[Site "Sypniewo"]
[Date "2020.10.30"]
[Round "9.24"]
[White "Pastuszko, Katarzyna"]
[Black "Bialek, Alicja"]
[Result "0-1"]
[ECO "B32"]
[WhiteElo "1251"]
[BlackElo "1457"]
[Annotator "NA RC"]
[PlyCount "86"]
[EventDate "2020.10.23"]
[EventType "team-tourn"]
[EventCountry "POL"]
[SourceTitle "playchess.com"]
[Source "ChessBase"]
[SourceQuality "1"]
[TimeControl "5400+30"]

1. e4 c5 2. Nf3 Nc6 3. d4 cxd4 4. Nxd4 e5 5. Nb5 a6 6. Nd6+ Bxd6 7. Qxd6 Qe7 8. Qc7 d5 9. Qxe7+ Ngxe7 10. Bd3 Nb4 11. a3 Nxd3+ 12. cxd3 d4 13. O-O O-O 14. f4 f6 15. f5 a5 16. a4 Bd7 17. b3 b5 18. Ba3 Rfe8 19. Bxe7 Rxe7 20. Rc1 bxa4 21. bxa4 Rc8 22. Rxc8+ Bxc8 23. Na3 Ba6 24. Nb5 Rb7 25. Rb1 Kf8 26. Kf2 Ke7 27. Ke2 Bxb5 28. axb5 Kd6 29. Kd2 Kc5 30. b6 Rxb6 31. Rc1+ Kd6 32. Rc2 Rb1 33. Ke2 a4 34. Rc8 a3 35. Ra8 Rb2+ 36. Kf3 a2 37. h4 Rd2 38. g4 Rxd3+ 39. Ke2 Re3+ 40. Kd2 Rxe4 41. Rxa2 Rxg4 42. Ra7 Rxh4 43. Rxg7 Rh5 0-1